 Dungeon Crawl Stone Soup version 0.24-a0-521-g122614bf49 (webtiles) character file.

Game seed: 16605082754087029631

427196 Gergoth the Eclecticist (level 22, -17/161 HPs)
             Began as a Mummy Fire Elementalist on July 21, 2019.
             Was the Champion of Vehumet.
             Killed from afar by a spark wasp (18 damage)
             ... with a living lightning
             ... on level 1 of the Depths on July 28, 2019.
             The game lasted 05:00:19 (85340 turns).

Gergoth the Eclecticist (Mummy Fire Elementalist)  Turns: 85340, Time: 05:00:20

Health: -17/161    AC: 26    Str: 13    XL:     22   Next: 76%
Magic:  27/45      EV: 11    Int: 30    God:    Vehumet [******]
Gold:   5518       SH:  7    Dex: 17    Spells: 17/60 levels left

rFire    + . .     SeeInvis .   z - +9 double sword (flame)
rCold    + . .     Gourm    .   K - +2 buckler
rNeg     + + +     Faith    .   R - +2 fire dragon scales
rPois    ∞         Spirit   .   F - +2 helmet of Duck's Teeth {Int+2 Dex+4}
rElec    .         Reflect  .   W - +2 cloak
rCorr    .         Harm     .   f - +2 pair of gloves
MR       +++..                  Y - +2 pair of boots {Fly}
Stlth    +++.......             a - amulet of magic regeneration
HPRegen  0.36/turn              S - ring "Cumaekk" {rC+ MR+ Int+6}
MPRegen  0.54/turn              h - ring of wizardry

@: flying, very slightly contaminated, studying Staves
A: no food or potions, fire vulnerability, cold resistance 1, negative energy
resistance 3, torment resistance, unbreathing, in touch with death 1
}: 2/15 runes: decaying, serpentine
a: Renounce Religion, Stop Flying


You were on level 1 of the Depths.
You worshipped Vehumet.
Vehumet was exalted by your worship.
You were not hungry.

You visited 9 branches of the dungeon, and saw 41 of its levels.
You also visited: Ice Cave.

You collected 6085 gold pieces.
You spent 567 gold pieces at shops.

Inventory:

Hand Weapons
 b - the +8 Wrath of Trog {antimagic, *Rage}
   (You found it on level 1 of the Depths)

   It reduces the magical energy of the wielder, and disrupts the spells and
   magical abilities of those hit.
   Natural abilities and divine invocations are not affected.
   It may make you go berserk in combat.
 z - a +9 double sword of flaming (weapon)
Missiles
 r - 17 curare-tipped darts (quivered)
 u - 3 throwing nets
 M - 23 atropa-tipped darts
Armour
 d - a +2 shield of protection
 f - a +2 pair of gloves (worn)
 F - the +2 helmet of Duck's Teeth (worn) {Int+2 Dex+4}
   (You found it on level 9 of the Dungeon)

   It affects your intelligence (+2).
   It affects your dexterity (+4).
 K - a +2 buckler (worn)
 R - +2 fire dragon scales (worn)
 W - a +2 cloak (worn)
 Y - a +2 pair of boots of flying (worn)
Jewellery
 a - an amulet of magic regeneration (around neck)
 h - a ring of wizardry (right hand)
 S - the ring "Cumaekk" (left hand) {rC+ MR+ Int+6}
   (You found it on level 4 of the Swamp)

   [ring of protection from magic]

   It affects your intelligence (+6).
   It protects you from cold.
   It affects your resistance to hostile enchantments.
Wands
 m - a wand of polymorph (39)
 t - a wand of paralysis (7)
 x - a wand of acid (35)
 B - a wand of scattershot (12)
 G - a wand of digging (14)
 J - a wand of disintegration (33)
 L - a wand of enslavement (7)
 P - a wand of iceblast (12)
Scrolls
 c - 10 scrolls of identify
 e - 10 scrolls of amnesia
 g - 4 scrolls of noise
 j - 5 scrolls of enchant weapon
 k - 24 scrolls of remove curse
 n - 9 scrolls of immolation
 p - 6 scrolls of magic mapping
 v - 4 scrolls of silence
 y - 2 scrolls of fog
 H - a scroll of summoning
 I - 2 scrolls of fear
 N - a scroll of holy word
 Q - 9 scrolls of teleportation
 U - a scroll of vulnerability
Books
 O - a manual of Staves
Miscellaneous
 w - a phantom mirror


   Skills:
 + Level 10.9 Fighting
 - Level 10.0 Long Blades
 - Level 8.0 Armour
 - Level 4.2 Dodging
 - Level 10.0 Stealth
 - Level 4.0 Shields
 + Level 19.6 Spellcasting
 - Level 16.0 Conjurations
 - Level 6.0 Hexes
 - Level 12.0 Necromancy
 - Level 6.0 Transmutations
 + Level 12.2 Fire Magic
 - Level 10.0 Ice Magic
 - Level 10.0 Air Magic


You had 17 spell levels left.
You knew the following spells:

 Your Spells              Type           Power        Failure   Level  Hunger
a - Flame Tongue          Conj/Fire      #####        0%          1    N/A
b - Conjure Flame         Conj/Fire      #######.     1%          3    N/A
c - Sticky Flame          Conj/Fire      #######.     1%          4    N/A
d - Fireball              Conj/Fire      #######...   1%          5    N/A
e - Mephitic Cloud        Conj/Pois/Air  ######..     1%          3    N/A
f - Yara's Violent Unrav  Hex/Tmut       ######....   1%          5    N/A
g - Airstrike             Air            ######....   1%          4    N/A
h - Orb of Destruction    Conj           #######...   1%          7    N/A
i - Bolt of Draining      Conj/Necr      ########..   1%          5    N/A
j - Ozocubu's Refrigerat  Ice            ######....   1%          6    N/A

Your spell library contained the following spells:

 Spells                   Type           Power        Failure   Level  Hunger
 Chain Lightning          Conj/Air       #######...   22%         8    N/A
 Glaciate                 Conj/Ice       #######...   92%         9    N/A
 Tornado                  Air            ######....   99%         9    N/A
 Animate Skeleton         Necr           N/A          1%          1    N/A
 Confusing Touch          Hex            ######       1%          1    N/A
 Corona                   Hex            ######.      1%          1    N/A
 Pain                     Necr           ####         1%          1    N/A
 Sting                    Conj/Pois      ####         1%          1    N/A
 Corpse Rot               Necr           N/A          1%          2    N/A
 Ensorcelled Hibernation  Hex/Ice        ######       1%          2    N/A
 Passwall                 Tmut/Erth      #####...     1%          2    N/A
 Poisonous Vapours        Pois/Air       ######       1%          2    N/A
 Slow                     Hex            ######..     1%          2    N/A
 Sticks to Snakes         Tmut           ######..     1%          2    N/A
 Swiftness                Chrm/Air       ######..     1%          2    N/A
 Throw Flame              Conj/Fire      ######       1%          2    N/A
 Confuse                  Hex            ######..     1%          3    N/A
 Dazzling Spray           Conj/Hex       ######       1%          3    N/A
 Ignite Poison            Fire/Tmut/Pois ######..     1%          3    N/A
 Inner Flame              Hex/Fire       ######..     1%          3    N/A
 Static Discharge         Conj/Air       #######.     1%          3    N/A
 Tukima's Dance           Hex            ######..     1%          3    N/A
 Vampiric Draining        Necr           ########..   1%          3    N/A
 Animate Dead             Necr           N/A          1%          4    N/A
 Agony                    Necr           ########     1%          5    N/A
 Dispel Undead            Necr           ########     1%          5    N/A
 Irradiate                Conj/Tmut      #######...   1%          5    N/A
 Iskenderun's Battlesphe  Conj/Chrm      ######..     1%          5    N/A
 Lightning Bolt           Conj/Air       #######...   1%          5    N/A
 Venom Bolt               Conj/Pois      ######....   1%          5    N/A
 Bolt of Cold             Conj/Ice       #######...   1%          6    N/A
 Freezing Cloud           Conj/Ice/Air   #######...   1%          6    N/A
 Apportation              Tloc           ####..       2%          1    N/A
 Infusion                 Chrm           ####         2%          1    N/A
 Summon Butterflies       Summ           ####....     2%          1    N/A
 Summon Small Mammal      Summ           ####         2%          1    N/A
 Portal Projectile        Hex/Tloc       #####.       2%          3    N/A
 Spectral Weapon          Hex/Chrm       #####...     2%          3    N/A
 Summon Guardian Golem    Hex/Summ       #####...     2%          3    N/A
 Cause Fear               Hex            ######....   2%          4    N/A
 Metabolic Englaciation   Hex/Ice        ######....   2%          5    N/A
 Silence                  Hex/Air        ######....   2%          5    N/A
 Summon Ice Beast         Ice/Summ       ######..     3%          4    N/A
 Summon Lightning Spire   Summ/Air       ######..     3%          4    N/A
 Call Imp                 Summ           ####....     4%          2    N/A
 Shroud of Golubria       Chrm/Tloc      ####..       4%          2    N/A
 Song of Slaying          Chrm           ####....     4%          2    N/A
 Simulacrum               Ice/Necr       #######...   4%          6    N/A
 Borgnjor's Vile Clutch   Necr/Erth      #######...   6%          5    N/A
 Excruciating Wounds      Chrm/Necr      #######...   6%          5    N/A
 Leda's Liquefaction      Hex/Erth       #####.....   8%          4    N/A
 Olgreb's Toxic Radiance  Pois           ####....     8%          4    N/A
 Petrify                  Tmut/Erth      #####...     8%          4    N/A
 Call Canine Familiar     Summ           ####....     9%          3    N/A
 Gell's Gravitas          Tloc           ####......   9%          3    N/A
 Lee's Rapid Deconstruct  Erth           ####......   19%         5    N/A
 Alistair's Intoxication  Tmut/Pois      #####...     21%         5    N/A
 Summon Mana Viper        Hex/Summ       #####...     21%         5    N/A
 Passage of Golubria      Tloc           N/A          26%         4    N/A
 Ignition                 Fire           #######...   28%         8    N/A
 Darkness                 Hex            ######....   32%         6    N/A
 Invisibility             Hex            ######..     32%         6    N/A
 Deflect Missiles         Chrm/Air       ######....   45%         6    N/A
 Shadow Creatures         Summ           N/A          98%         6    N/A
 Summon Hydra             Summ           ####......   100%        7    N/A
 Discord                  Hex            ######....   100%        8    N/A
 Shatter                  Erth           ####......   100%        9    N/A
 Beastly Appendage        Tmut           Unusable     N/A         1    N/A
 Sublimation of Blood     Necr           Unusable     N/A         2    N/A
 Regeneration             Chrm/Necr      Unusable     N/A         3    N/A
 Ice Form                 Ice/Tmut       Unusable     N/A         4    N/A
 Spider Form              Tmut/Pois      Unusable     N/A         3    N/A
 Blade Hands              Tmut           Unusable     N/A         5    N/A
 Hydra Form               Tmut           Unusable     N/A         6    N/A
 Statue Form              Tmut/Erth      Unusable     N/A         6    N/A
 Dragon Form              Tmut           Unusable     N/A         7    N/A

Dungeon Overview and Level Annotations

Branches:
Dungeon (15/15)            Temple (1/1) D:4            Lair (6/6) D:10
  Swamp (4/4) Lair:3        Snake (4/4) Lair:4        Slime (0/5) Lair:6
    Orc (2/2) D:9             Elf (3/3) Orc:2        Vaults (4/5) D:13
  Crypt (0/3) Vaults:2     Depths (2/5) D:15

Altars:
Ashenzari
Cheibriados
Dithmenos
Elyvilon
Fedhas
Gozag
Hepliaklqana
Kikubaaqudgha
Makhleb
Nemelex Xobeh
Okawaru
Qazlal
Ru
Sif Muna
Trog
Uskayaw
Vehumet
Wu Jian
Xom
Yredelemnul
Zin
The Shining One
Jiyva

Shops:
D:6 }   Orc:1 *   Orc:2 :::=   Elf:3 ?   Vaults:1 [   Vaults:3 *

Annotations:
Snake:3 Saint Roka
Elf:2 3 runed translucent doors
Depths:2 1 transporter


Innate Abilities, Weirdness & Mutations

You do not eat or drink.
Your flesh is vulnerable to fire.
You are immune to poison.
Your flesh is cold resistant. (rC+)
You are immune to negative energy. (rN+++)
You are immune to unholy pain and torment.
You can survive without breathing.
You are in touch with the powers of death.


Message History

Press: ? - help, Dir - move target cursor, f/p - spark wasp
Aim: a spark wasp (blue smoke, severely wounded)
The air twists around and violently strikes the spark wasp!
The spark wasp is almost dead.
The spark wasp closely misses you. The spark wasp stings you.
The spark wasp shocks you!
* * * LOW HITPOINT WARNING * * *
You block the spark wasp's attack.
Blink to where?
Press: ? - help, Dir - move target cursor, p - spark wasp
As you read the scroll of blinking, it crumbles to dust.
The spark wasp bursts into living lightning!
The living lightning hits you!
* * * LOW HITPOINT WARNING * * *
The spark wasp blinks! x2
The spark wasp bursts into living lightning!
The living lightning hits you!!
* * * LOW HITPOINT WARNING * * *
The living lightning hits you!!
You die...

#...♣..#...#..♣....##....§..[).≈.
#...♣.........♣.(#..§§§§§.§).)!≈≈
#...♣..#...#..♣((...§§§§§§§...≈≈≈
#...♣♣...#...♣♣((...§§§§§§§..≈≈≈≈
#....♣♣....[♣♣(.(.(.)..§§§§..≈≈≈≈
#.#......#......(....§§(§§§..≈≈..
#.#.....###..)..[..[..#§#§...≈≈.≈
#...............[y##..###....≈≈.≈
############....@(######........≈
####((## #........≈ ####
#........≈ ####....≈≈≈
#..#..≈.≈.. #...≈≈≈.≈..
###.....≈.≈(. ##.##.........
##########.......≈.....


You could see a spark wasp.

Vanquished Creatures
  A bone dragon (Swamp:4)
  Rupert (D:15)
  2 deep elf blademasters (Elf:3)
  An Ice Fiend (IceCv)
  A deep elf master archer (Elf:3)
  4 sphinxes (Elf:2)
  A thorn hunter (Swamp:4)
  2 shadow dragons
  2 tengu reavers
  Kirke (D:15)
  9 nagarajas
  A frost giant (Depths:1)
  A fire giant (Vaults:4)
  7 deep elf sorcerers
  9 vault wardens
  Aizul (Snake:3)
  5 deep elf elementalists (Elf:3)
  Louise (Snake:3)
  19 ironheart preservers
  15 stone giants
  2 entropy weavers
  Azrael (D:13)
  A vampire knight (Depths:1)
  6 deep elf demonologists (Elf:3)
  6 deep elf annihilators
  Snorg (Lair:5)
  A spark wasp (Depths:1)
  2 crystal guardians (D:15)
  6 fire dragons
  4 ettins
  6 deep elf death magi
  4 yaktaur captains
  Josephine (Snake:1)
  Harold (D:10)
  2 deep elf high priests (Elf:3)
  2 great orbs of eyes
  21 naga warriors
  15 hydras
  2 ice dragons
  Fannar (D:9)
  2 shambling mangroves
  A ghost crab (Swamp:3)
  2 vault guards (Vaults:3)
  2 rakshasas
  A catoblepas (Lair:5)
  11 centaur warriors
  29 anacondas
  19 ogre magi
  6 death knights
  37 two-headed ogres
  4 deep troll shamans
  5 tengu warriors
  17 alligators
  Urug (D:9)
  8 dancing weapons
  7 death yaks
  6 deep troll earth magi
  5 spriggan berserkers
  5 shock serpents
  10 naga sharpshooters
  An iron troll (D:12)
  Nergalle (D:10)
  An orc high priest (Elf:1)
  15 deep elf knights
  2 shadow wraiths
  4 flayed ghosts
  An unseen horror (shapeshifter) (Vaults:3)
  9 salamander mystics
  2 glowing orange brains
  17 deep trolls
  A sea snake (Snake:1)
  4 swamp dragons
  4 skeletal warriors
  8 naga ritualists
  4 spriggan druids
  3 spectral hydras (Swamp:4)
  3 unseen horrors
  8 phantasmal warriors
  17 deep elf archers
  6 lindwurms
  5 wizards
  13 orc knights
  A sphinx zombie (Vaults:4)
  A mana viper (shapeshifter) (Vaults:4)
  An orange crystal statue (D:15)
  13 harpies
  50 deep elf magi
  22 mana vipers
  4 necromancers
  13 ironbrand convokers
  A harpy (shapeshifter) (Vaults:1)
  3 orc sorcerers
  13 salamanders
  A frost giant zombie (Vaults:4)
  29 ugly things
  A tengu skeleton (Vaults:2)
  A wolf spider (Vaults:2)
  11 cyclopes
  A stone giant zombie (Vaults:4)
  8 manticores
  A salamander (shapeshifter) (Vaults:4)
  26 naga magi
  A frost giant skeleton (Vaults:4)
  8 vault sentinels
  17 elephants
  44 black mambas
  9 guardian serpents
  A fire giant skeleton (Vaults:4)
  An eye of devastation (shapeshifter) (Vaults:1)
  4 ice statues (IceCv)
  2 gargoyles
  A kobold demonologist (D:15)
  A rime drake (Lair:4)
  25 yaktaurs
  7 swamp worm zombies (Swamp:4)
  13 freezing wraiths
  3 anaconda simulacra (IceCv)
  31 spiny frogs
  13 ice devils (IceCv)
  A troll (shapeshifter) (Vaults:2)
  14 komodo dragons
  A jumping spider (shapeshifter) (D:13)
  2 jumping spiders
  2 polar bears (shapeshifter)
  A polar bear (Lair:5)
  15 trolls
  4 hydra zombies (Swamp:4)
  11 tyrant leeches
  34 slime creatures
  27 blink frogs
  4 dream sheep (Lair:6)
  18 hornets
  An alligator zombie (Swamp:4)
  8 bog bodies
  9 hippogriffs
  Grinder (D:3)
  A hippogriff (shapeshifter) (D:13)
  4 shadows
  A centaur simulacrum (D:14)
  2 spectral swamp dragons
  12 spriggans
  Sigmund (D:5)
  52 yaks
  5 water elementals
  2 tarantellas (Vaults:4)
  3 wyverns
  3 dire elephant simulacra (IceCv)
  4 hogs
  A yak (shapeshifter) (Vaults:2)
  7 fire elementals
  A human (shapeshifter) (Vaults:1)
  7 basilisks
  A human (D:8)
  A yaktaur simulacrum (Vaults:3)
  10 wraiths
  A hog (shapeshifter) (D:13)
  18 vampire mosquitoes
  5 hungry ghosts
  A basilisk (shapeshifter) (Elf:1)
  Menkaure (D:7)
  A harpy simulacrum (IceCv)
  2 swamp worms (shapeshifter)
  55 nagas
  13 swamp worms
  A soldier ant (shapeshifter) (Vaults:4)
  15 insubstantial wisps
  4 wargs
  3 acid dragons
  8 water moccasins
  7 porcupines
  A soldier ant (D:13)
  An iron troll simulacrum (IceCv)
  2 hell hounds
  Duvessa (D:5)
  A hydra simulacrum (IceCv)
  6 ice beasts
  7 swamp drakes
  A deep troll skeleton (Vaults:4)
  33 orc warriors
  A hornet zombie (D:15)
  2 ettin simulacra
  An eye of draining (D:13)
  A human zombie (Vaults:4)
  2 sky beasts
  3 swamp dragon zombies (Swamp:4)
  A black bear (D:9)
  7 boggarts
  10 phantoms
  51 ogres
  An orc skeleton (Vaults:2)
  26 wolves
  14 centaurs
  An elf skeleton (Vaults:4)
  17 crocodiles
  A big kobold (D:11)
  A glowing shapeshifter simulacrum (Vaults:2)
  31 bullfrogs
  2 earth elementals (Elf:2)
  9 scorpions
  A water moccasin zombie (D:7)
  Dowan (D:5)
  4 killer bees (D:10)
  A troll zombie (D:9)
  14 wights
  4 howler monkeys
  A vampire bat (D:5)
  10 electric eels
  3 jellies
  A human simulacrum (Vaults:1)
  A bullfrog zombie (D:5)
  6 crimson imps
  4 centaur zombies
  12 hounds
  25 orc priests
  28 orc wizards
  4 bullfrog skeletons
  8 centaur skeletons
  Ijyb (D:3)
  3 hell rats (Lair:1)
  3 iguanas
  19 worker ants
  A killer bee zombie (D:6)
  5 ogre zombies (D:9)
  2 hound zombies
  4 hound skeletons
  Robin (D:2)
  11 adders
  7 gnolls
  3 swamp drake zombies (Swamp:4)
  A howler monkey skeleton (D:4)
  4 river rats (Lair:1)
  6 shadow imps
  An adder zombie (D:8)
  A worm (D:5)
  4 dart slugs
  4 leopard geckos
  101 orcs
  4 giant cockroaches
  17 goblins
  10 hobgoblins
  15 kobolds
  3 quokkas
  11 bats
  9 frilled lizards
  2 goblin skeletons (D:9)
  5 goblin zombies (D:9)
  2 hobgoblin skeletons (D:9)
  A hobgoblin zombie (D:9)
  A jackal skeleton (D:6)
  9 orc zombies (D:9)
  12 rats
  A fungus (Lair:3)
  A plant (Lair:6)
1912 creatures vanquished.

Vanquished Creatures (others)
  A deep elf master archer (Elf:3)
  A stone giant (Depths:1)
  A centaur warrior (Vaults:2)
  A centaur zombie (D:13)
  2 yaktaurs
  A slime creature (D:13)
  A yak (D:13)
  2 humans (D:15)
  A water moccasin (Lair:6)
  A boggart (Vaults:3)
  2 centaurs
  An ogre (Vaults:4)
  37 fungi
  96 plants
148 creatures vanquished.

Grand Total: 2060 creatures vanquished

Notes
Turn   | Place    | Note
-------+----------+-------------------------------------------
     0 | D:1      | Gergoth the Mummy Fire Elementalist began the quest for the
                  | Orb.
     0 | D:1      | Reached XP level 1. HP: 13/13 MP: 4/4
   325 | D:1      | Reached skill level 1 in Conjurations
   401 | D:1      | Reached XP level 2. HP: 18/20 MP: 0/5
   423 | D:1      | Reached skill level 3 in Spellcasting
   666 | D:1      | Reached skill level 1 in Fighting
   998 | D:1      | Reached XP level 3. HP: 26/26 MP: 0/7
  1256 | D:1      | Learned a level 3 spell: Conjure Flame
  2135 | D:2      | Reached XP level 4. HP: 27/32 MP: 1/9
  2723 | D:3      | Noticed Ijyb
  2801 | D:3      | Noticed Grinder
  2918 | D:3      | Noticed Robin
  3188 | D:2      | Killed Robin
  3360 | D:2      | Learned a level 4 spell: Sticky Flame
  3528 | D:3      | Reached skill level 4 in Spellcasting
  3528 | D:3      | Reached XP level 5. HP: 28/38 MP: 1/11
  3789 | D:4      | Noticed an ogre
  3812 | D:4      | Noticed a phantom
  3814 | D:4      | Killed an ogre
  3819 | D:3      | Reached XP level 6. HP: 40/46 MP: 0/12
  4154 | D:3      | Paralysed by Ijyb for 2 turns
  4163 | D:3      | Paralysed by Ijyb for 4 turns
  4180 | D:3      | Paralysed by Ijyb for 7 turns
  4196 | D:3      | Killed Ijyb
  4234 | D:3      | Paralysed by Grinder for 7 turns
  4245 | D:3      | Killed Grinder
  4245 | D:3      | Reached skill level 5 in Spellcasting
  4245 | D:3      | Reached XP level 7. HP: 29/52 MP: 2/14
  4583 | D:3      | Found a sacrificial altar of Ru.
  4720 | D:3      | Found a deep blue altar of Sif Muna.
  4725 | D:3      | Found a hide-covered altar of Uskayaw.
  4908 | D:3      | Found a burning altar of Makhleb.
  4909 | D:3      | Found a radiant altar of Vehumet.
  4947 | D:3      | Became a worshipper of Vehumet
  5158 | D:4      | Found a staircase to the Ecumenical Temple.
  5167 | Temple   | Entered the Ecumenical Temple
  6001 | D:4      | Reached skill level 6 in Spellcasting
  6347 | D:5      | Entered Level 5 of the Dungeon
  6511 | D:5      | Reached XP level 8. HP: 59/61 MP: 3/17
  6951 | D:5      | Noticed Duvessa
  6951 | D:5      | Noticed Dowan
  7095 | D:5      | Noticed Sigmund
  7100 | D:5      | Killed Sigmund
  7267 | D:6      | Found Tibbegytoh's Gadget Emporium.
  7273 | D:6      | Reached * piety under Vehumet
  7273 | D:6      | Offered knowledge of Magic Dart by Vehumet.
  7273 | D:6      | Reached skill level 5 in Fighting
  7349 | D:6      | Reached skill level 5 in Fire Magic
  7379 | D:6      | Reached skill level 7 in Spellcasting
  8536 | D:6      | Found a shimmering altar of Xom.
  8566 | D:6      | Learned a level 5 spell: Fireball
  8599 | D:7      | Reached XP level 9. HP: 62/68 MP: 2/20
  8920 | D:7      | Reached skill level 5 in Conjurations
  9057 | D:7      | Noticed Menkaure
  9063 | D:7      | Killed Menkaure
  9063 | D:7      | Reached skill level 8 in Spellcasting
  9360 | D:7      | Reached ** piety under Vehumet
  9666 | D:7      | Offered knowledge of Shock by Vehumet.
 10618 | D:8      | Reached skill level 9 in Spellcasting
 10982 | D:8      | Reached XP level 10. HP: 76/76 MP: 9/23
 11167 | D:8      | Offered knowledge of Mephitic Cloud by Vehumet.
 11895 | D:9      | Got a jewelled helmet
 11940 | D:9      | Found a blossoming altar of Fedhas.
 12063 | D:9      | Learned a level 3 spell: Mephitic Cloud
 12176 | D:9      | Identified the +2 helmet of Duck's Teeth {Int+2 Dex+4} (You
                  | found it on level 9 of the Dungeon)
 12194 | D:9      | Learned a level 5 spell: Yara's Violent Unravelling
 12357 | D:9      | Reached *** piety under Vehumet
 12389 | D:9      | Found a staircase to the Orcish Mines.
 12567 | D:9      | Offered knowledge of Airstrike by Vehumet.
 12573 | D:9      | Learned a level 4 spell: Airstrike
 13279 | D:5      | Killed Dowan
 13284 | D:5      | Killed Duvessa
 13659 | D:10     | Entered Level 10 of the Dungeon
 13715 | D:10     | Noticed Nergalle
 13845 | D:10     | Noticed Harold
 13846 | D:10     | Killed Nergalle
 13846 | D:10     | Reached skill level 10 in Spellcasting
 14255 | D:10     | Reached **** piety under Vehumet
 14264 | D:10     | Noticed a death yak
 14461 | D:10     | Offered knowledge of Venom Bolt by Vehumet.
 14549 | D:9      | Found a snail-covered altar of Cheibriados.
 14568 | D:10     | Noticed a death yak
 14579 | D:10     | Killed a death yak
 14579 | D:10     | Reached skill level 1 in Air Magic
 14580 | D:10     | Noticed a death yak
 14580 | D:10     | Noticed a death yak
 14580 | D:10     | Noticed a death yak
 14782 | D:11     | Reached XP level 11. HP: 81/81 MP: 17/25
 15317 | D:11     | Reached skill level 11 in Spellcasting
 15575 | D:10     | Found a staircase to the Lair.
 15584 | D:10     | Noticed a death yak
 15610 | D:11     | Killed a death yak
 15953 | D:10     | Killed Harold
 16093 | D:10     | Reached ***** piety under Vehumet
 16180 | D:10     | Noticed an unseen horror
 16197 | D:11     | Killed a death yak
 16638 | D:10     | Killed an unseen horror
 16638 | D:10     | Offered knowledge of Orb of Destruction by Vehumet.
 16647 | D:10     | Learned a level 7 spell: Orb of Destruction
 16722 | D:10     | Noticed a death yak
 16745 | D:10     | Killed a death yak
 16745 | D:10     | Reached skill level 12 in Spellcasting
 16887 | D:10     | Killed a death yak
 16887 | D:10     | Reached skill level 5 in Air Magic
 16896 | D:10     | Killed a death yak
 16942 | D:10     | Killed a death yak
 17270 | D:8      | Upgraded the game from 0.24-a0-516-g9de272bb65 to
                  | 0.24-a0-520-g8fd06ad0bc
 17448 | Lair:1   | Entered Level 1 of the Lair of Beasts
 17630 | D:10     | Reached skill level 1 in Armour
 17636 | D:10     | Reached XP level 12. HP: 49/89 MP: 20/28
 18311 | Orc:1    | Entered Level 1 of the Orcish Mines
 18319 | Orc:1    | Noticed Fannar
 18497 | D:9      | Killed Fannar
 19010 | Orc:1    | Noticed Urug
 19268 | D:9      | Killed Urug
 19660 | Orc:1    | Found Tuhi's Assorted Antiques.
 19953 | Orc:2    | Entered Level 2 of the Orcish Mines
 20082 | Orc:2    | Noticed an ogre mage
 20089 | Orc:2    | Noticed a two-headed ogre
 20094 | Orc:2    | Killed an ogre mage
 20094 | Orc:2    | Noticed a two-headed ogre
 20213 | Orc:2    | Noticed a two-headed ogre
 20214 | Orc:2    | Noticed a two-headed ogre
 20265 | Orc:1    | Killed a two-headed ogre
 20441 | Orc:2    | Noticed an ogre mage
 20442 | Orc:2    | Noticed a two-headed ogre
 20453 | Orc:1    | Killed a two-headed ogre
 20634 | Orc:1    | Killed a two-headed ogre
 20634 | Orc:1    | Reached skill level 5 in Armour
 20880 | Orc:2    | Killed an ogre mage
 20896 | Orc:2    | Noticed a two-headed ogre
 21018 | Orc:1    | Killed a two-headed ogre
 21094 | Orc:1    | Killed a two-headed ogre
 21501 | Orc:2    | Gained mutation: You are in touch with the powers of death.
                  | [Mummy growth]
 21501 | Orc:2    | Reached XP level 13. HP: 50/102 MP: 14/29
 22098 | Orc:2    | Found Vets's Book Boutique.
 22106 | Orc:2    | Reached skill level 10 in Fighting
 22445 | Orc:2    | Found Raw Etis's Book Boutique.
 22446 | Orc:2    | Found Taihaig's Jewellery Shoppe.
 22450 | Orc:2    | Found Konwia's Book Shop.
 22472 | Orc:2    | Bought a +4 amulet of reflection for 405 gold pieces
 22586 | Orc:2    | Noticed an ettin
 22592 | Orc:2    | Killed an ettin
 22719 | Orc:2    | Offered knowledge of Iskenderun's Battlesphere by Vehumet.
 23242 | Orc:2    | Found a staircase to the Elven Halls.
 24160 | Lair:1   | Found an opulent altar of Gozag.
 25488 | Lair:3   | Found a staircase to the Swamp.
 26939 | Lair:4   | Found a staircase to the Snake Pit.
 26950 | Lair:4   | Reached skill level 13 in Spellcasting
 27248 | Lair:4   | You fall into a shaft and drop 2 floors!
 27248 | Lair:6   | Entered Level 6 of the Lair of Beasts
 27719 | Lair:6   | Reached XP level 14. HP: 49/111 MP: 7/31
 28049 | Lair:6   | Reached skill level 14 in Spellcasting
 28058 | Lair:6   | Offered knowledge of Conjure Ball Lightning by Vehumet.
 28186 | Lair:6   | Got a fine quarterstaff
 28281 | Lair:6   | Identified the +5 quarterstaff "Weff" {freeze, *Corrode
                  | +Blink rC+ Dex+2} (You found it on level 6 of the Lair of
                  | Beasts)
 28523 | Lair:6   | Reached skill level 10 in Conjurations
 28831 | Lair:6   | Reached skill level 15 in Spellcasting
 29537 | Lair:6   | Found a viscous altar of Jiyva.
 29537 | Lair:6   | Found a staircase to the Slime Pits.
 30376 | Lair:5   | Identified Sif Muna's Handbook of Evil Talismans
 30397 | Lair:5   | Learned a level 5 spell: Bolt of Draining
 30406 | Lair:5   | Reached skill level 1 in Long Blades
 30466 | Lair:5   | Reached skill level 1 in Necromancy
 30864 | Lair:5   | Reached skill level 16 in Spellcasting
 30967 | Lair:5   | Noticed Snorg
 30979 | Lair:5   | Killed Snorg
 31646 | Lair:5   | Offered knowledge of Bolt of Cold by Vehumet.
 32854 | D:12     | Reached skill level 5 in Necromancy
 32862 | D:12     | Reached XP level 15. HP: 117/117 MP: 30/35
 33333 | D:12     | Found a runed translucent door.
 33829 | D:13     | Noticed Azrael
 33876 | D:12     | Reached skill level 5 in Long Blades
 34710 | D:13     | Found a gate to the Vaults.
 35161 | D:13     | Offered knowledge of Spellforged Servitor by Vehumet.
 36349 | D:13     | Reached ****** piety under Vehumet
 36519 | D:13     | Identified the ring "Hothe Fei" {rPois EV+2}
 36734 | D:13     | Identified the cursed +0 spear of the Volcano {pierce,
                  | *Rage *Corrode rF+++}
 36734 | D:13     | Identified the +14 plate armour "Heesk" {*Contam rElec
                  | Int+2 SInv}
 36985 | D:13     | Killed Azrael
 37497 | D:13     | Offered knowledge of Ozocubu's Refrigeration by Vehumet.
 37520 | D:13     | Learned a level 6 spell: Ozocubu's Refrigeration
 37874 | D:14     | Reached skill level 1 in Ice Magic
 39023 | D:15     | Entered Level 15 of the Dungeon
 39346 | D:15     | Found a runed translucent door.
 39460 | D:15     | Noticed Kirke
 39464 | D:15     | Killed Kirke
 39464 | D:15     | Reached XP level 16. HP: 123/123 MP: 17/36
 39941 | D:15     | Noticed Rupert
 39948 | D:15     | Killed Rupert
 40186 | D:15     | Offered knowledge of Poison Arrow by Vehumet.
 40307 | D:15     | Reached skill level 10 in Necromancy
 40545 | D:15     | Found a staircase to the Depths.
 40920 | Swamp:1  | Entered Level 1 of the Swamp
 40953 | Swamp:1  | Found a frozen archway.
 40962 | IceCv    | Entered an ice cave
 42365 | IceCv    | Noticed an Ice Fiend
 42388 | IceCv    | Killed an Ice Fiend
 43019 | IceCv    | Identified the +8 whip of the Endless Lives {slash, rPois
                  | Str+3} (You found it in an ice cave)
 43161 | IceCv    | Reached skill level 5 in Ice Magic
 45695 | Swamp:2  | Found a hazy altar of Hepliaklqana.
 45718 | Swamp:2  | Got an ancient morningstar
 45738 | Swamp:2  | Identified the cursed +1 morningstar of the Several Queens
                  | {drain, Fragile rPois MP+9} (You found it on level 2 of the
                  | Swamp)
 45874 | Swamp:2  | Offered knowledge of Glaciate by Vehumet.
 45874 | Swamp:2  | Offered knowledge of Chain Lightning by Vehumet.
 45874 | Swamp:2  | Offered knowledge of Tornado by Vehumet.
 45925 | Swamp:2  | Got a shimmering ring mail
 45931 | Swamp:2  | Identified the +0 ring mail of Satisfaction {rElec} (You
                  | found it on level 2 of the Swamp)
 47675 | Swamp:3  | Reached XP level 17. HP: 129/129 MP: 19/37
 47824 | Swamp:3  | Reached skill level 10 in Long Blades
 48573 | Swamp:4  | Entered Level 4 of the Swamp
 48750 | Swamp:4  | Got a translucent scale mail
 48758 | Swamp:4  | Identified the +6 scale mail "Xaczi" {rPois} (You found it
                  | on level 4 of the Swamp)
 49700 | Swamp:4  | Got a twitching granite ring
 49701 | Swamp:4  | Identified the ring "Cumaekk" {rC+ MR+ Int+6} (You found it
                  | on level 4 of the Swamp)
 50085 | Swamp:4  | Got an ichor-stained leather armour
 50087 | Swamp:4  | Identified the +1 leather armour of the Ward {Regen+ Str+2
                  | Dex-3} (You found it on level 4 of the Swamp)
 51328 | Swamp:4  | Noticed a bone dragon
 51582 | Swamp:4  | Killed a bone dragon
 52082 | Swamp:4  | Got a decaying rune of Zot
 52399 | Snake:1  | Entered Level 1 of the Snake Pit
 52404 | Snake:1  | Noticed Josephine
 52411 | Snake:1  | Killed Josephine
 54686 | D:15     | Got a warped scale mail
 54691 | D:15     | Got a warped scale mail
 54713 | D:15     | Identified the +1 scale mail "Tafal" {rC+ rN+ Str-3 Slay+5}
                  | (You found it on level 15 of the Dungeon)
 54714 | D:15     | Identified the +5 scale mail of the Sun {rF+ Str+5 Int-2}
                  | (You found it on level 15 of the Dungeon)
 55214 | Snake:2  | Reached XP level 18. HP: 136/136 MP: 25/38
 56797 | Snake:3  | Noticed Louise
 56803 | Snake:3  | Killed Louise
 57348 | Snake:3  | Reached skill level 10 in Ice Magic
 57673 | Snake:3  | Reached skill level 1 in Transmutations
 57766 | Snake:3  | Noticed Aizul
 57772 | Snake:3  | Killed Aizul
 58145 | Snake:3  | Noticed Saint Roka
 58239 | Snake:4  | Entered Level 4 of the Snake Pit
 58942 | Snake:4  | Found a hide-covered altar of Uskayaw.
 59812 | Snake:4  | Reached skill level 10 in Air Magic
 60591 | Snake:4  | Reached XP level 19. HP: 142/142 MP: 12/39
 60674 | Snake:4  | Reached skill level 5 in Transmutations
 63090 | Snake:4  | Got a serpentine rune of Zot
 63477 | Elf:1    | Entered Level 1 of the Elven Halls
 63632 | Elf:1    | Reached skill level 1 in Hexes
 64558 | Elf:1    | You are sucked into a shaft and drop 1 floor!
 65529 | Elf:2    | Reached skill level 5 in Hexes
 66264 | Elf:2    | Found a runed translucent gate.
 66264 | Elf:2    | Found a runed translucent gate.
 66266 | Elf:2    | Found a runed translucent gate.
 66865 | Elf:3    | Entered Level 3 of the Elven Halls
 66879 | Elf:3    | Found Ofocepac's Magic Scroll Shop.
 67247 | Elf:3    | Reached XP level 20. HP: 148/148 MP: 10/40
 67767 | Elf:3    | Reached skill level 1 in Shields
 68863 | Elf:3    | Reached skill level 15 in Conjurations
 69236 | Elf:3    | Identified the amulet "Joqaehet" {Faith Str+4}
 69504 | Elf:3    | Identified the +13 chain mail "Yrhurri" {rN+ Dex+2 Slay+3}
 70365 | Elf:3    | Identified the +6 great sword "Raergh" {slice, *Slow rF+++
                  | Int-2 SInv}
 70636 | Elf:3    | Got a dazzling plate armour
 70644 | Elf:3    | Got a transparent plate armour
 70651 | Elf:3    | Got a wavering copper ring
 70656 | Elf:3    | Got a scorched brass ring
 70657 | Elf:3    | Identified Nuts's Incunabulum of Necromancy and the
                  | Snowflakes
 70659 | Elf:3    | Identified the ring "Yscheonga" {*Corrode +Fly MR+ Stlth-}
                  | (You found it on level 3 of the Elven Halls)
 70660 | Elf:3    | Identified the ring "Poocuwyn" {+Fly rF- MR+ MP+9 Dex+3}
                  | (You found it on level 3 of the Elven Halls)
 70733 | Elf:3    | Identified the cursed +0 plate armour of the Gloaming
                  | {rElec rF+} (You found it on level 3 of the Elven Halls)
 70734 | Elf:3    | Identified the +8 plate armour "Ejuguott" {rC+++ MP+9 Str-5
                  | Int-3} (You found it on level 3 of the Elven Halls)
 71024 | Depths:1 | Entered Level 1 of the Depths
 71242 | Vaults:1 | Entered Level 1 of the Vaults
 73473 | Vaults:1 | Found Zuorakai's Antique Armour Boutique.
 73526 | Vaults:1 | Bought a cloak for 162 gold pieces
 73906 | Vaults:2 | Reached XP level 21. HP: 154/154 MP: 31/41
 74174 | Vaults:2 | Reached skill level 5 in Stealth
 74744 | Vaults:2 | Reached skill level 17 in Spellcasting
 74965 | Vaults:2 | Found a staircase to the Crypt.
 75391 | Vaults:2 | Found Baorir's Food Emporium.
 76583 | Vaults:3 | Reached skill level 10 in Fire Magic
 76747 | Vaults:3 | Found Vintewor's General Store.
 78505 | Vaults:3 | Reached skill level 18 in Spellcasting
 80084 | Vaults:4 | Reached XP level 22. HP: 161/161 MP: 37/44
 82116 | Vaults:4 | Reached skill level 19 in Spellcasting
 82847 | D:15     | Upgraded the game from 0.24-a0-520-g8fd06ad0bc to
                  | 0.24-a0-521-g122614bf49
 83377 | Depths:1 | Reached skill level 10 in Stealth
 84172 | Depths:1 | Found the +8 Wrath of Trog {antimagic, *Rage}
 84346 | Depths:1 | You are sucked into a shaft and drop 1 floor!
 84795 | Depths:2 | Found a transporter.
 85089 | D:10     | Identified a scroll of acquirement
 85136 | D:10     | Got a dazzling long sword
 85137 | D:10     | Identified the +3 long sword "Timom" {drain, +Blink} (You
                  | acquired it on level 10 of the Dungeon)
 85340 | Depths:1 | HP: 1/161 [spark wasp/living lightning (19)]
 85340 | Depths:1 | Killed from afar by a spark wasp

Levels and vault maps discovered:
D:1:      dpeg_arrival_round_c, layout_basic, serial_curves, eino_curves_02,
          eino_curves_02, eino_curves_01, eino_curves_03
D:2:      layout_basic, minmay_split_cup_large
D:3:      layout_rooms, grunt_temple_overflow_lords_of_destruction,
          minmay_overflow_temple_star_quad, uniq_grinder, uniq_ijyb, uniq_robin
D:4:      layout_gridville, minmay_temple_entry_poolview,
          eino_small_chamber_without_monster
D:5:      layout_gridville, first_ration, roderic_batcave, uniq_duvessa,
          uniq_sigmund
D:6:      layout_rooms, xom_butterflies, serial_bayou, serial_bayou_crossing,
          serial_bayou_pond_d, serial_bayou_lake_a, serial_bayou_ford_a,
          serial_shops, shop, uniq_edmund
D:7:      layout_loops_ring, serial_rivers, chequers_serial_rivers_small_b,
          chequers_serial_rivers_small_3, chequers_serial_rivers_room_b,
          chequers_serial_rivers_small_3, uniq_menkaure
D:8:      layout_basic, grunt_livestock
D:9:      lemuel_upstairs_altar, layout_layer_cave, lemuel_round_altar,
          zombieorc1_lemuel, minivault_14
D:10:     layout_small_grid, dpeg_lair_monsters, uniq_harold, uniq_nergalle
D:11:     layout_loops_ring
D:12:     layout_roguey, lightli_airlock
D:13:     minmay_the_grid_4x2 [minmay_the_grid_small_cups,
          minmay_the_grid_dragon_a, minmay_the_grid_square_x,
          minmay_the_grid_tiny_cups, minmay_the_grid_spin_star,
          minmay_the_grid_rooms, minmay_the_grid_plusring,
          minmay_the_grid_prize_four_corners_diamond_b], layout_cross,
          david_vaults_4, amethyst_killhole, uniq_azrael
D:14:     layout_roguey, minmay_misc_feat_room, st_stairs_5
D:15:     hangedman_depths_entry_civil_slaughter, layout_cave_pods,
          minivault_24, minmay_crystal_box, uniq_rupert, uniq_kirke
Temple:   nicolae_temple_no_exploring_needed
Lair:1:   beast_lair_carwin_large_3, layout_big_grid, basic_altar,
          nicolae_quartered_pool_super, kennysheep_abandoned_house,
          serial_bayou_shore_b
Lair:2:   layout_gridlike, zaba_anthole, fungi_pond_lemuel,
          infiniplex_staircase_pool, serial_bayou_shore_b
Lair:3:   layout_long_grid, swamp_mist_pool, serial_bayou_shore_b
Lair:4:   layout_hall_layers, guppyfry_snake_entry_garden,
          hangedman_lair_unloving_vines, grunt_megastairs_2,
          infiniplex_staircase_pool_2
Lair:5:   cheibrodos_lair_overgrown_chateau, layout_cave_pods,
          grunt_forest_stairs_basic, serial_bayou_lagoon_a, grunt_megastairs_5,
          uniq_snorg
Lair:6:   minmay_lair_end_frog_pond, layout_long_grid,
          dpeg_slime_entry_enclosed_altar
Swamp:1:  layout_falls_marsh, portal_ice_cave_entry_pillars_three,
          wheals_swamp_sinkhole, nicolae_swamp_very_dense_foliage
Swamp:2:  layout_falls_marsh, lemuel_altar_in_water, swamp_pool1
Swamp:3:  layout_basic_swamp, serial_swamp_ruin, evilmike_swamp_ruin_house_6,
          evilmike_swamp_ruin_house_3, swamp_pool1
Swamp:4:  swamp_pestilence, layout_basic_swamp, swamp_pool2
Snake:1:  layout_onion_interference, serial_bayou_shore_a, grunt_megastairs_3,
          uniq_josephine
Snake:2:  layout_rooms
Snake:3:  nicolae_snake_hallway, layout_onion, serial_shops, nicolae_shop_stone,
          nicolae_snake_round_shape_thing, uniq_saint_roka, uniq_louise,
          uniq_aizul
Snake:4:  snake_pit_salamanders_mu, layout_cave_town, basic_altar
Orc:1:    layout_caves, serial_shops, nicolae_shop_waterfront, uniq_fannar,
          uniq_urug
Orc:2:    st_orc_open, layout_caves, nicolae_orc_tapped_out
Elf:1:    eino_elf_arrival_customs, layout_loops_cross,
          hangedman_corner_corridor
Elf:2:    layout_gridlike, special_room [special_room_mythical_zoo]
Elf:3:    elf_hall, layout_loops_cross, serial_shops, shop_statue
Vaults:1: ontoclasm_vaults_bender, v_misc_30, nicolae_vaults_border_crossing,
          v_misc_5, vaults_room_hangedman_quadrants, v_misc_29,
          layout_vaults_omnigrid, serial_shops, shop_statue
Vaults:2: nicolae_vaults_big_ls, v_rooms_4, ontoclasm_vaults_ring_small,
          v_alt_pattern_5, vaults_mumra_lcd, vaults_room_boxed, v_pattern_4,
          blue_anna_dwarven_crypt, v_alt_pattern_2, nicolae_vaults_theta,
          st_smaller_cells, layout_vaults_maze_snakey, serial_shops, shop
Vaults:3: nicolae_vaults_triangles, nicolae_vaults_network_periphery,
          grunt_vaults_hallway_long, st_star, hangedman_vaults_river_flow,
          hangedman_vaults_nails, vaults_dpeg_ring, layout_vaults_chaotic_city,
          serial_shops, shop
Vaults:4: nicolae_vaults_back_hallway, v_rooms_4, hangedman_vaults_impose,
          nicolae_vaults_network_square, nicolae_vaults_halls_meeting,
          vaults_room_door_hall, v_misc_13, hangedman_vaults_pinch,
          hangedman_vaults_capsules, ontoclasm_vaults_twist,
          nicolae_vaults_alarming, ontoclasm_vaults_ring_square,
          vaults_room_grid, layout_vaults_omnibox
Depths:1: layout_cave_pools, hell_entry, nrook_pool_corridor,
          hangedman_abyss_or_decor_passed, minmay_guarded_unrand_wrath_of_trog
Depths:2: gammafunk_sealed_arena, layout_gridlike, enter_ziggurat_f,
          abyss_entry, pf_coc_iceberg, onia_ninara_dug_in_and_dangerous

Skill      XL: |  1  2  3  4  5  6  7  8  9 10 11 12 13 14 15 16 17 18 19 20 21 22 |
---------------+-------------------------------------------------------------------+-----
Conjurations   | 1 2 3 4 6 7 8 9 10 11 12 14 16 | 16.0
Spellcasting   | 3 4 5 6 7 9 10 12 13 16 18 19 | 19.6
Fighting       | 1 2 3 4 5 6 9 10 | 10.9
Fire Magic     | 3 4 5 6 7 8 9 10 12 | 12.2
Dodging        | 3 4 |  4.2
Air Magic      | 1 6 8 10 | 10.0
Armour         | 1 6 8 |  8.0
Long Blades    | 4 8 9 10 | 10.0
Necromancy     | 5 9 11 12 | 12.0
Ice Magic      | 3 6 9 10 | 10.0
Transmutations | 4 6 |  6.0
Hexes          | 6 |  6.0
Shields        | 4 |  4.0
Stealth        | 4 8 10 | 10.0

Action                   |  1- 3 |  4- 6 |  7- 9 | 10-12 | 13-15 | 16-18 | 19-21 | 22-24 || total
-------------------------+-------+-------+-------+-------+-------+-------+-------+-------++-------
Melee: Short sword       |     1 |    14 |       |       |       |       |       |       ||    15
       Long sword        |       |    37 |   173 |   177 |       |       |       |       ||   387
       Staff             |       |       |    26 |    15 |       |       |       |       ||    41
       Double sword      |       |       |       |    23 |   493 |   326 |   142 |    85 ||  1069
       Scimitar          |       |       |       |       |     1 |       |       |       ||     1
Throw: Dart              |       |     4 |       |     2 |       |       |       |       ||     6
 Cast: Flame Tongue      |    76 |   101 |   124 |   127 |   146 |    54 |     2 |       ||   630
       Conjure Flame     |     3 |     2 |     3 |     1 |    10 |     7 |       |       ||    26
       Sticky Flame      |       |     2 |    43 |    94 |   173 |    68 |    45 |    10 ||   435
       Fireball          |       |       |    10 |   115 |   156 |   129 |    71 |    40 ||   521
       Airstrike         |       |       |       |     5 |    96 |   151 |   120 |    28 ||   400
       Bolt of Draining  |       |       |       |       |   151 |   484 |   625 |   152 ||  1412
       Orb of Destructio |       |       |       |       |       |    30 |    18 |       ||    48
       Ozocubu's Refrige |       |       |       |       |       |     1 |       |       ||     1
       Yara's Violent Un |       |       |       |       |       |     4 |     5 |     2 ||    11
       Mephitic Cloud    |       |       |       |       |       |       |     1 |     2 ||     3
Evoke: Wand              |       |       |       |       |     8 |     3 |       |       ||    11
  Use: Scroll            |     1 |     1 |     6 |    12 |    10 |    18 |    13 |    10 ||    71
 Stab: Sleeping          |       |       |       |     3 |     1 |       |       |     1 ||     5
       Distracted        |       |       |       |     1 |     1 |     1 |     1 |       ||     4
Armor: Robe              |     8 |    64 |   119 |   138 |   282 |   113 |       |       ||   724
       Leather armour    |       |       |       |       |       |    61 |    38 |       ||    99
       Fire dragon scale |       |       |       |       |       |       |   150 |    70 ||   220
Dodge: Dodged            |    24 |    86 |   194 |   375 |   521 |   272 |   159 |    84 ||  1715
Block: Buckler           |       |       |       |       |   352 |   249 |   217 |    93 ||   911
       Other             |       |       |       |       |    26 |       |       |       ||    26
       Reflection        |       |       |       |       |     9 |    25 |    38 |    25 ||    97
       Rpst.: Long sword |       |    12 |    59 |    79 |       |       |       |       ||   150
       Double sword      |       |       |       |    20 |   148 |    60 |    30 |    19 ||   277

Table legend:
 A = Non-vault XP
 B = Vault XP
 C = Vault XP percentage of total XP
 D = Non-vault monster count
 E = Vault monster count
 F = Vault count percentage of total count
                 A         B        C        D         E       F
            +---------+---------+-------+---------+---------+-------
      Total |  441298 |  369193 |  45.6 |    1234 |     683 |  35.6
            +---------+---------+-------+---------+---------+-------
        D:1 |      46 |       0 |   0.0 |      26 |       0 |   0.0
        D:2 |      76 |      42 |  35.6 |      17 |       9 |  34.6
        D:3 |     269 |     338 |  55.7 |      23 |      10 |  30.3
        D:4 |     551 |       0 |   0.0 |      13 |       0 |   0.0
        D:5 |     428 |     498 |  53.8 |      16 |       9 |  36.0
        D:6 |     588 |       0 |   0.0 |      15 |       0 |   0.0
        D:7 |    1216 |     369 |  23.3 |      23 |       2 |   8.0
        D:8 |    1075 |     812 |  43.0 |      26 |       4 |  13.3
        D:9 |     722 |    2546 |  77.9 |      15 |      30 |  66.7
       D:10 |    5345 |    6157 |  53.5 |      46 |       7 |  13.2
       D:11 |    2315 |    1678 |  42.0 |      36 |       2 |   5.3
       D:12 |    2766 |    5057 |  64.6 |      18 |      15 |  45.5
       D:13 |    7317 |   17994 |  71.1 |      37 |      52 |  58.4
       D:14 |   15261 |     621 |   3.9 |      42 |       2 |   4.5
       D:15 |   11841 |   16339 |  58.0 |      25 |      17 |  40.5
     Lair:1 |    3063 |    1285 |  29.6 |      19 |      24 |  55.8
     Lair:2 |    1970 |     131 |   6.2 |      13 |       4 |  23.5
     Lair:3 |    3798 |       0 |   0.0 |      18 |       0 |   0.0
     Lair:4 |    4737 |     708 |  13.0 |      16 |       5 |  23.8
     Lair:5 |   10451 |    7280 |  41.1 |      40 |      18 |  31.0
     Lair:6 |   10185 |   12568 |  55.2 |      34 |      50 |  59.5
    Swamp:1 |   14147 |       0 |   0.0 |      29 |       0 |   0.0
    Swamp:2 |    8665 |       0 |   0.0 |      26 |       0 |   0.0
    Swamp:3 |   22447 |     271 |   1.2 |      51 |       1 |   1.9
    Swamp:4 |   14824 |   15554 |  51.2 |      41 |      44 |  51.8
    Snake:1 |   25506 |    3413 |  11.8 |      53 |       8 |  13.1
    Snake:2 |   14353 |       0 |   0.0 |      20 |       0 |   0.0
    Snake:3 |   24147 |    9277 |  27.8 |      40 |      19 |  32.2
    Snake:4 |   27816 |   55983 |  66.8 |      53 |      76 |  58.9
      Orc:1 |    2873 |    7473 |  72.2 |      46 |      16 |  25.8
      Orc:2 |    2002 |    8210 |  80.4 |      23 |      21 |  47.7
      Elf:1 |   13758 |    7307 |  34.7 |      21 |      11 |  34.4
      Elf:2 |    8539 |   20835 |  70.9 |      17 |      21 |  55.3
      Elf:3 |   20377 |   43694 |  68.2 |      32 |      28 |  46.7
   Vaults:1 |   19882 |   20360 |  50.6 |      35 |      33 |  48.5
   Vaults:2 |   16357 |   37897 |  69.9 |      31 |      51 |  62.2
   Vaults:3 |   40503 |   31114 |  43.4 |      69 |      40 |  36.7
   Vaults:4 |   44590 |   20619 |  31.6 |      75 |      24 |  24.2
   Depths:1 |   28996 |    1637 |   5.3 |      44 |       2 |   4.3
   Depths:2 |    7496 |       0 |   0.0 |      10 |       0 |   0.0
      IceCv |       0 |   11126 | 100.0 |       0 |      28 | 100.0
            +---------+---------+-------+---------+---------+-------
